Match 45995081
Unlisted

Match 45995081
End
Royal Engineer Section
Construct Section Command Post
Dingo Light Scout Car
Infantry Section
Infantry Section
Construct Field Infirmary
Infantry Section
Grenade Package
Construct Platoon Command Post
Unlock M3 Stuart Light Tanks
M3 Stuart Light Tank
Selects Canadian Shock Battlegroup
Selects Attacking Spirit
Selects Canadian Shock Section
Selects Incendiary Munitions
Selects Pyrotechnics
M3 Stuart Light Tank
M3 Stuart Light Tank
Vickers Machine Gun Team
Selects Churchill Crocodile Heavy Tank
Infantry Section
Skeng.Tecnica.International
oziligath
0
0

Comments sign in to comment!

No comments posted yet!